 Dungeon Crawl Stone Soup version 0.28-a0-1567-g1695149f81 (webtiles) character file.

Game seed: 9050667400250552647

229 lonewolfV2 the Shield-Bearer (level 5, -1/49 HPs)
             Began as a Deep Dwarf Fighter on Jan 20, 2022.
             Slain by a lemure (2 damage)
             ... led by Pikel
             ... on level 4 of the Dungeon.
             The game lasted 00:06:04 (3107 turns).

lonewolfV2 the Shield-Bearer (Deep Dwarf Fighter)   Turns: 3107, Time: 00:06:05

Health: -1/49      AC:  7    Str: 25    XL:     5   Next: 71%
Magic:  0/0        EV: 10    Int: 11    God:
Gold:   145        SH:  6    Dex: 12    Spells: 4/4 levels left

rFire   . . .      SeeInvis .   l - +0 short sword (vamp)
rCold   + . .      Faith    .   c - +1 buckler
rNeg    . . .      Spirit   .   b - +0 scale mail
rPois   .          Reflect  .   (no helmet)
rElec   .          Harm     .   (no cloak)
rCorr   .          Rampage  .   (no gloves)
Will    .....                   (no boots)
Stlth   ..........              (no amulet)
HPRegen 0.00/turn               e - ring of protection from cold
MPRegen 0.07/turn               h - +6 ring of strength

@: about to teleport
A: damage resistance, heal wounds, sense surroundings 1, no regeneration
a: Heal Wounds


You were on level 4 of the Dungeon.
You visited 1 branch of the dungeon, and saw 4 of its levels.

You collected 145 gold pieces.

Inventory:

Hand Weapons
 a - a +0 war axe
 l - a +0 vampiric short sword (weapon)
Armour
 b - a +0 scale mail (worn)
 c - a +1 buckler (worn)
Jewellery
 e - a ring of protection from cold (left hand)
 h - a +6 ring of strength (right hand)
Wands
 q - a wand of polymorph (11)
Scrolls
 f - 2 scrolls of amnesia
 k - a scroll of identify {unknown}
 n - a scroll of fog
 p - a scroll of noise {unknown}
Potions
 d - 2 potions of might
 g - a potion of flight {unknown}
 j - a potion of attraction {unknown}
 m - 3 potions of heal wounds {unknown}
 o - a potion of brilliance {unknown}


   Skills:
 + Level 3.1 Fighting
 + Level 1.0 Short Blades
 + Level 3.1 Axes
 + Level 4.3 Armour
 + Level 2.0 Dodging
 + Level 0.2 Stealth
 + Level 4.9 Shields


You had 4 spell levels left.
You didn't know any spells.
Your spell library contained the following spells:

 Spells                   Type           Power      Damage    Failure   Level
 Beastly Appendage        Tmut           0%         N/A       71%         1
 Slow                     Hex            0%         N/A       71%         1
 Wereblood                Tmut           0%         N/A       85%         2
 Confusing Touch          Hex            0%         N/A       97%         3
 Spider Form              Tmut/Pois      0%         N/A       97%         3
 Vampiric Draining        Necr           0%         2d6       97%         3


Dungeon Overview and Level Annotations

Branches:
Dungeon (4/15)
 Temple: D:4-7

Altars:

Annotations:
D:4 Pikel


Innate Abilities, Weirdness & Mutations

You are resistant to damage.
You can heal yourself by infusing magical energy.
You passively map a small area around you.
You do not regenerate.


Message History

You hit Pikel.
Pikel is heavily wounded.
Pikel hits you with a +1 whip of freezing.
Pikel freezes you. The lemure barely misses you. The lemure hits you.
You hit Pikel.
Pikel is heavily wounded.
You block Pikel's attack. The lemure hits you. You block the lemure's attack.
You miss Pikel.
Pikel is heavily wounded.
Pikel barely misses you. The lemure closely misses you.
The lemure hits you but does no damage. You block the lemure's attack.
Pikel hits you with a +1 whip of freezing.
You hit Pikel.
You feel better.
Pikel is severely wounded.
The lemure closely misses you. x2
Pikel hits you with a +1 whip of freezing!
Pikel freezes you.
You hit Pikel but do no damage.
Pikel is severely wounded.
The lemure hits you but does no damage. You block the lemure's attack.
Pikel hits you with a +1 whip of freezing!
* * * LOW HITPOINT WARNING * * *
Pikel freezes you.
You miss Pikel.
Pikel is severely wounded.
The lemure barely misses you. The lemure hits you but does no damage.
Pikel barely misses you.
You barely miss Pikel.
Pikel is severely wounded.
The lemure hits you.
* * * LOW HITPOINT WARNING * * *
Pikel hits you with a +1 whip of freezing.
* * * LOW HITPOINT WARNING * * *
Pikel freezes you. You block the lemure's attack.
As you read the scroll of teleportation, it crumbles to dust.
You feel strangely unstable. The lemure closely misses you.
Pikel hits you with a +1 whip of freezing.
* * * LOW HITPOINT WARNING * * *
The lemure hits you.
You die...

* , #.#. * ,
...# * *##...
...#* ## *#..#
##.., #..#
##.# *
#####.5#######
##.#
#......@K55..#
##.#
#.###.5#####.#
##.# #..# *
##.## #..# ,
#...## #..# *
.....## , #..#
* )..†..# ##.#
, .....>#
#.####.#####.#
#.|.#.#
#............#


You could see Pikel and 4 lemures.

Vanquished Creatures
  3 orc priests (D:3)
  An iguana (D:4)
  Robin (D:3)
  4 adders (D:2)
  5 orcs (D:3)
  4 endoplasms
  2 giant cockroaches
  14 goblins
  11 hobgoblins
  5 kobolds
  4 bats
  6 frilled lizards
  7 rats
67 creatures vanquished.

Notes
Turn   | Place    | Note
-------+----------+-------------------------------------------
     0 | D:1      | lonewolfV2 the Deep Dwarf Fighter began the quest for the
                  | Orb.
     0 | D:1      | Reached XP level 1. HP: 20/20 MP: 1/1
   329 | D:1      | Reached XP level 2. HP: 18/27 MP: 1/1
  1427 | D:2      | Reached XP level 3. HP: 28/34 MP: 2/2
  1612 | D:2      | Reached skill level 1 in Dodging
  2055 | D:3      | Reached XP level 4. HP: 35/42 MP: 2/2
  2192 | D:3      | Reached XP level 5. HP: 40/49 MP: 2/2
  2355 | D:3      | Noticed Robin
  2363 | D:3      | Killed Robin
  3025 | D:4      | Reached skill level 1 in Short Blades
  3066 | D:4      | Noticed a lemure
  3071 | D:4      | Noticed a lemure
  3072 | D:4      | Noticed a lemure
  3073 | D:4      | Noticed Pikel
  3075 | D:4      | Noticed a lemure
  3107 | D:4      | HP: 1/49 [Pikel (3)]
  3107 | D:4      | Slain by a lemure

Illustrated notes

Levels and vault maps discovered:
D:1:      nzn_arrival_crosshair, layout_basic
D:2:      layout_loops_ring, minmay_pentomino_pile
D:3:      layout_loops_corners, uniq_robin
D:4:      layout_loops_ring, lightli_corner_chamber, uniq_duvessa, uniq_pikel

Skill      XL: |  1  2  3  4  5 |
---------------+----------------+-----
Fighting       | 3 |  3.1
Dodging        | 1 2 |  2.0
Armour         | 4 |  4.3
Shields        | 4 |  4.9
Axes           | 3 |  3.1
Short Blades   | 1 |  1.0
Stealth        | |  0.2

Action                   |  1- 3 |  4- 6 || total
-------------------------+-------+-------++-------
Melee: War axe           |   102 |     5 ||   107
       Short sword       |       |   189 ||   189
 Abil: Heal Wounds       |     3 |     5 ||     8
  Use: Scroll            |     6 |     1 ||     7
       Potion            |     1 |       ||     1
Armor: Scale mail        |    63 |    80 ||   143
Dodge: Dodged            |    53 |   127 ||   180
Block: Buckler           |    31 |    79 ||   110

Table legend: (Time is in decaauts)
 A = Elapsed time spent in this place.
 B = Non-inter-level travel time spent in this place.
 C = Inter-level travel time spent in this place.
 D = Time resting spent in this place.
 E = Time spent auto-exploring this place.
 F = Levels seen in this place.
 G = Mean time per level.
                   A        B        C        D        E       F      G
               +--------+--------+--------+--------+--------+-----+--------+
         Total |   3173 |   3083 |     90 |    581 |   1755 |   4 |  793.2 |
       Dungeon |   3173 |   3083 |     90 |    581 |   1755 |   4 |  793.2 |
               +--------+--------+--------+--------+--------+-----+--------+

Top non-repeatable levels by time:
     D:1: 1342 daAuts
     D:3: 947 daAuts
     D:2: 659 daAuts
     D:4: 223 daAuts
